 Dungeon Crawl Stone Soup version 0.30.0-13-g156ef70053 (webtiles) character file.

Game seed: 3763477520194233109

311 browni3141 the Chopper (level 6, -3/51 (53) HPs)
             Began as a Minotaur Fighter on May 17, 2023.
             Slain by suzumiya's ghost (9 damage)
             ... on level 3 of the Dungeon.
             The game lasted 00:01:33 (2303 turns).

browni3141 the Chopper (Minotaur Fighter)           Turns: 2303, Time: 00:01:34

HP:   -3/51 (53)    AC:  8    Str: 21    XL:     6   Next: 18%
MP:   5/5           EV: 10    Int:  5    God:
Gold: 92            SH:  5    Dex: 11    Spells: 5/5 levels left

rFire   . . .        a - +0 war axe
rCold   . . .        c - +0 buckler
rNeg    . . .        b - +0 scale mail
rPois   .            (helmet restricted)
rElec   .            (no cloak)
rCorr   .            T - +0 pair of gloves
SInv    .            (no boots)
Will    .....        (no amulet) Stlth
                     (no ring)
HPRegen 0.28/turn    (no ring)
MPRegen 0.09/turn

%: no passive effects
@: mighty, lightly drained
A: horns 2, retaliatory headbutt
a: no special abilities


You were on level 3 of the Dungeon.
You visited 1 branch of the dungeon, and saw 3 of its levels.
You also visited: Sewer.

You collected 92 gold pieces.

Inventory:

Hand Weapons
 a - a +0 war axe (weapon)
Missiles
 Z - a throwing net (quivered)
Armour
 b - a +0 scale mail (worn)
 c - a +0 buckler (worn)
 T - a +0 pair of gloves (worn)
Jewellery
 F - the amulet of Cuklecex {Spirit Str+4 SInv}
   (You found it on level 3 of the Dungeon)

   [amulet of guardian spirit]

   It causes incoming damage to be divided between your reserves of health and
   magic.
   Str:       It affects your strength (+4).
   SInv:      It lets you see invisible.
 G - a +5 ring of evasion
 Q - a ring of fire
Scrolls
 H - a scroll of fog {unknown}
 J - 3 scrolls of teleportation {unknown}
 K - 2 scrolls of immolation {unknown}
 S - 2 scrolls of identify {unknown}
 W - a scroll of magic mapping {unknown}
 X - a scroll of noise {unknown}
Potions
 I - a potion of magic {unknown}
 L - 2 potions of brilliance {unknown}
 N - 3 potions of curing {unknown}
 O - 3 potions of attraction {unknown}
 P - a potion of haste {unknown}
 R - a potion of ambrosia {unknown}
 U - a potion of lignification {unknown}
 V - 2 potions of flight {unknown}
 Y - 2 potions of degeneration {unknown}


   Skills:
 + Level 4.6 Fighting
 * Level 5.0 Axes
 + Level 4.7 Armour
 + Level 2.4 Dodging
 + Level 4.8 Shields


You had 5 spell levels left.
You didn't know any spells.
Your spell library was empty.

Dungeon Overview and Level Annotations

Branches:
Dungeon (3/15)              Sewer (visited)

Altars:
Ashenzari

Annotations:
D:3 fridstol's ghost, amateur TrBe; sasquatch's ghost, amateur GrEE; suzumiya's ghost, amateur MiFi


Innate Abilities, Weirdness & Mutations

You have a pair of horns on your head.
You reflexively headbutt those who attack you in melee.


Message History

The goblin barely misses you.
You barely miss the goblin.
The goblin is heavily wounded.
The goblin hits you with a +0 club.
You hit the goblin.
You kill the goblin!
F - the amulet of Cuklecex {Spirit Str+4 SInv}
Things that are here:
a +0 club; a goblin corpse An endoplasm comes into view.
An endoplasm is nearby!
An endoplasm is nearby!
An endoplasm is nearby!
You hit the endoplasm but do no damage.
The endoplasm hits you but does no damage.
The endoplasm freezes you.
You are frozen.
You slash the endoplasm!
You kill the endoplasm!
No target in view!
You see here a +0 ring mail.
Found a stone staircase leading down.
There is a stone staircase leading down here.
You now have 92 gold pieces (gained 13).
An adder and a frilled lizard come into view.
The frilled lizard hisses angrily.
There are monsters nearby!
You block the adder's attack. The adder bites you.
You miss the adder. The adder bites you but does no damage.
You barely miss the adder. Your headbutt misses the adder.
You slash the frilled lizard!
You kill the frilled lizard!
The adder closely misses you. The adder bites you but does no damage.
You hit the adder. You headbutt the adder!
You kill the adder!
No target in view!
L - 2 fuming clear potions (gained 1) Hikkokomori's ghost turns its malevolent gaze towards you.
Found a stone staircase leading up.
Sasquatch's ghost turns its malevolent gaze towards you.
Fridstol's ghost turns its malevolent gaze towards you.
Suzumiya's ghost turns its malevolent gaze towards you.
Fridstol's ghost wails, "You will join me soon!"
There is a stone staircase leading up here.
You see here a +0 ring mail.
Key pressed, stopping explore.
There is a stone staircase leading down here.
Hikkokomori's ghost turns its malevolent gaze towards you.
There is a stone staircase leading up here.
Could not explore, unopened runed door.
No reachable target in view!
Could not explore, unopened runed door.
Could not explore, unopened runed door.
You feel very mighty all of a sudden.
You open the gate. You closely miss suzumiya's ghost.
You headbutt suzumiya's ghost.
Suzumiya's ghost is lightly damaged.
You hit fridstol's ghost but do no damage.
Your headbutt misses fridstol's ghost. Fridstol's ghost barely misses you.
You barely miss fridstol's ghost. You closely miss hikkokomori's ghost.
You hit fridstol's ghost. You headbutt fridstol's ghost!
Fridstol's ghost is moderately damaged.
You closely miss hikkokomori's ghost.
Sasquatch's ghost whispers, "There is no future for you."
Hikkokomori's ghost casts a spell at you.
The blast of sand hits you!
You slash fridstol's ghost! You headbutt fridstol's ghost.
Fridstol's ghost is heavily damaged.
You barely miss suzumiya's ghost. You closely miss hikkokomori's ghost.
You block fridstol's ghost's attack.
Hikkokomori's ghost points at you and mumbles some strange words.
The blast of sand hits you but does no damage.
You block suzumiya's ghost's attack.
You barely miss fridstol's ghost.
Fridstol's ghost is heavily damaged.
You hit hikkokomori's ghost. You closely miss suzumiya's ghost.
Fridstol's ghost hits you. Suzumiya's ghost closely misses you.
Hikkokomori's ghost points at you and mumbles some strange words.
The blast of sand misses you. Suzumiya's ghost hits you.
Fridstol's ghost hits you! Hikkokomori's ghost barely misses you.
You furiously retaliate!
You headbutt hikkokomori's ghost! You slash hikkokomori's ghost!
You destroy hikkokomori's ghost!
You hit suzumiya's ghost but do no damage.
You hit fridstol's ghost. You block fridstol's ghost's attack.
Suzumiya's ghost hits you.
Your Axes skill increases to level 5!
You have reached level 6!
You closely miss fridstol's ghost.
Fridstol's ghost is severely damaged.
You hit sasquatch's ghost but do no damage.
You slash suzumiya's ghost! Sasquatch's ghost hits you.
You feel drained. You block fridstol's ghost's attack.
Suzumiya's ghost completely misses you.
You slash fridstol's ghost!
Fridstol's ghost is almost destroyed.
You hit suzumiya's ghost.
You hit sasquatch's ghost but do no damage.
Sasquatch's ghost hits you.
You feel drained. Fridstol's ghost hits you. Suzumiya's ghost hits you!
You die...

#....# #...######.#.......#
###(.###...# #.##.####.#
#.........# #.##.# #.#
##.##.###.######.##.# #.# #.##.#
#.....##.##.# #.# ########.##.#
###########.# #.#
.≈≈≈≈≈..###.######$8$=###.# #.##
≈.....≈.#....<...#....8##.####...
≈.≈≈≈.≈.#...##..@#......#...##..#
≈≈..)≈≈.######.WWW.....P#.#.###..
≈≈._.≈≈.# #...'.....⌠#...# ##.
≈≈...≈≈.# ##..'.....P#.#.## #.
≈.≈≈≈.≈.# #..#......####.###.
≈....[≈)# #..#....8##.#......
.≈≈≈≈≈.)## ##.#!8.(###...#####
########.# #.######.....# .#
#.#...# #............#


You could see fridstol's ghost, sasquatch's ghost and suzumiya's ghost.

Vanquished Creatures
  The ghost of hikkokomori the Digger, an amateur GrEE (D:3)
  Natasha (D:2)
  2 orc wizards (D:3)
  Robin (D:3)
  8 adders
  A worm (D:2)
  A dart slug (D:2)
  An orc (D:3)
  4 bats
  8 endoplasms
  2 giant cockroaches
  11 hobgoblins
  3 quokkas
  10 ball pythons
  8 frilled lizards
  12 goblins
  4 kobolds
  6 rats
84 creatures vanquished.

Notes
Turn   | Place    | Note
-------+----------+-------------------------------------------
     0 | D:1      | browni3141 the Minotaur Fighter began the quest for the
                  | Orb.
     0 | D:1      | Reached XP level 1. HP: 19/19 MP: 0/0
   205 | D:1      | Reached XP level 2. HP: 27/27 MP: 1/1
   301 | D:1      | Reached skill level 3 in Axes
   712 | D:2      | Reached XP level 3. HP: 33/33 MP: 2/2
   885 | D:2      | Noticed Natasha
   893 | D:2      | Killed Natasha
   894 | D:2      | Reached XP level 4. HP: 27/40 MP: 3/3
  1089 | D:2      | >
  1221 | D:3      | Found a broken altar of Ashenzari.
  1242 | D:3      | Reached skill level 4 in Axes
  1356 | D:3      | Found a glowing drain.
  1363 | D:3      | Reached XP level 5. HP: 42/46 MP: 4/4
  1368 | Sewer    | Entered a sewer
  1769 | D:3      | Noticed Robin
  1779 | D:3      | Killed Robin
  1993 | D:3      | Identified the amulet of Cuklecex {Spirit Str+4 SInv}
  2190 | D:3      | Found a runed translucent gate.
  2190 | D:3      | Found a runed translucent gate.
  2190 | D:3      | Found a runed translucent gate.
  2191 | D:3      | Noticed hikkokomori's ghost (amateur GrEE)
  2191 | D:3      | Noticed sasquatch's ghost (amateur GrEE)
  2192 | D:3      | Noticed fridstol's ghost (amateur TrBe)
  2192 | D:3      | Noticed suzumiya's ghost (amateur MiFi)
  2301 | D:3      | Killed hikkokomori's ghost
  2302 | D:3      | Reached skill level 5 in Axes
  2302 | D:3      | Reached XP level 6. HP: 21/53 MP: 5/5
  2303 | D:3      | Slain by suzumiya's ghost

Illustrated notes

#####'##.# #..#
#.##.# #.>#
#.##.# ##.#
#.##.# #.# #.##.#
#.# #.##.# #.#
#.##.# #.# #.##.#
#.# #.##@# #.#
#.##.# #.# #.##.#
#.#
#.##.##########.#
#.##............#
#.###############
#<# ###


Turn 1089 on D:2: >

Levels and vault maps discovered:
D:1:      dpeg_arrival_stonehenge_8_columns, layout_loops_ring
D:2:      layout_basic, uniq_natasha
D:3:      layout_loops_ring, mainiacjoe_overflow_paths, portal_sewer_entry_c,
          gammafunk_ghost_cemetery, uniq_robin

Skill      XL: |  1  2  3  4  5 |
---------------+----------------+-----
Axes           | 3 4 5 |  5.0
Dodging        | 1 2 |  2.4
Fighting       | 4 |  4.6
Armour         | 4 |  4.7
Shields        | 4 |  4.8

Action                     |  1- 3 |  4- 6 || total
---------------------------+-------+-------++-------
  Melee: War axe           |    79 |   104 ||   183
         Headbutt          |     2 |    17 ||    19
    Use: Potion            |       |     1 ||     1
 Armour: Scale mail        |    37 |    57 ||    94
  Dodge: Dodged            |    40 |    52 ||    92
  Block: Buckler           |    25 |    29 ||    54
